 Dungeon Crawl Stone Soup version 0.23.2-1-ga50397a (webtiles) character file.

Game seed: 1713151512589755417

59 xveg the Sneak (level 4, -3/33 HPs)
             Began as a Human Assassin on May 7, 2019.
             Was an Initiate of Wu Jian.
             Slain by an adder (4 damage)
             ... on level 2 of the Dungeon.
             The game lasted 00:03:11 (1185 turns).

xveg the Sneak (Human Assassin)                     Turns: 1185, Time: 00:03:12

Health: -3/33      AC:  3    Str: 11    XL:     4   Next: 22%
Magic:  4/4        EV: 12    Int: 12    God:    Wu Jian [......]
Gold:   80         SH:  0    Dex: 15    Spells: 3/3 levels left

rFire    . . .     SeeInvis .   a - +2 dagger
rCold    . . .     Gourm    .   (no shield)
rNeg     . . .     Faith    .   c - +0 robe
rPois    .         Spirit   .   (no helmet)
rElec    .         Reflect  .   d - +0 cloak
rCorr    .         Harm     .   (no gloves)
MR       .....                  (no boots)
Stlth    +++.......             (no amulet)
HPRegen  0.11/turn              (no ring)
MPRegen  0.09/turn              (no ring)

@: lethally poisoned (-3 -> -4)
A: no striking features
a: Renounce Religion


You were on level 2 of the Dungeon.
You worshipped Wu Jian.
Wu Jian was noncommittal.
You were hungry.

You visited 1 branch of the dungeon, and saw 2 of its levels.

You collected 80 gold pieces.

Inventory:

Hand Weapons
 a - a +2 dagger (weapon)
 b - a +0 blowgun
Missiles
 e - 8 poisoned needles
 f - 2 curare-tipped needles
Armour
 c - a +0 robe (worn)
 d - a +0 cloak (worn)
Scrolls
 h - a scroll of magic mapping {unknown}
 i - a scroll of identify {unknown}
 k - a scroll of blinking {unknown}
 l - a scroll of enchant weapon {unknown}
 m - a scroll of teleportation {unknown}
Potions
 j - a potion of ambrosia {unknown}
 n - a potion of magic {unknown}
Comestibles
 g - 2 rations


   Skills:
 + Level 2.1 Fighting
 + Level 2.5 Short Blades
 + Level 2.0 Throwing
 + Level 1.1 Dodging
 + Level 5.2 Stealth


You had 3 spell levels left.
You didn't know any spells.
Your spell library was empty.

Dungeon Overview and Level Annotations

Branches:
Dungeon (2/15)

Altars:
Hepliaklqana
Nemelex Xobeh
Qazlal
Vehumet
Wu Jian


Message History

The adder bites you. The quokka bites you.
* * * LOW HITPOINT WARNING * * *
You barely miss the adder.
The adder is heavily wounded.
The adder closely misses you. The quokka completely misses you.
The adder bites you.
* * * LOW HITPOINT WARNING * * *
You are poisoned.
The adder poisons you!
You feel sick.
You closely miss the adder.
The adder is heavily wounded.
The adder bites you but does no damage. The quokka bites you.
* * * LOW HITPOINT WARNING * * *
You hit the adder.
The adder is heavily wounded.
The adder barely misses you. The quokka barely misses you.
* * * LOW HITPOINT WARNING * * *
You feel sick. The adder bites you.
You die...

...........# #...........#
.......##..#######.#..P##''#P..#
....(.. #..........#..#...P..#.#
##..... #..........#..P..P.).#.#
... #.........##..#......#.# ...
.##....#######..#.P....#.#
.................#.P....#.#
....###.....##.. #......#.# ....
#####@# .P#######.# .... #S#
...........# ..
.#######r##........†..##
............#########..#
.........#### #.......#
.........#### #.......##
.......†....# #........#
............# #........#
####........# #.........


You could see an adder and a quokka.

Vanquished Creatures
  A gnoll (D:1)
  2 adders (D:2)
  2 oozes
  A worm (D:2)
  3 bats
  A giant cockroach (D:1)
  2 goblins (D:2)
  A kobold (D:1)
  2 quokkas (D:2)
  3 frilled lizards
  5 rats
23 creatures vanquished.

Notes
Turn   | Place    | Note
-------+----------+-------------------------------------------
     0 | D:1      | xveg the Human Assassin began the quest for the Orb.
     0 | D:1      | Reached XP level 1. HP: 16/16 MP: 1/1
   148 | D:1      | Reached XP level 2. HP: 22/22 MP: 2/2
   687 | D:1      | Reached XP level 3. HP: 27/27 MP: 3/3
   904 | D:2      | Reached skill level 5 in Stealth
   940 | D:2      | Found a radiant altar of Vehumet.
   947 | D:2      | Found an ornate altar of the Wu Jian Council.
   948 | D:2      | Found a hazy altar of Hepliaklqana.
   949 | D:2      | Found a stormy altar of Qazlal.
   951 | D:2      | Found a sparkling altar of Nemelex Xobeh.
   980 | D:2      | Became a worshipper of the Wu Jian Council
  1040 | D:2      | Reached XP level 4. HP: 32/33 MP: 4/4
  1185 | D:2      | HP: 1/33 [poisoned by an adder]
  1185 | D:2      | Slain by an adder

Skill      XL: |  1  2  3 |
---------------+----------+-----
Stealth        | 5 |  5.2
Fighting       | |  2.1
Short Blades   | |  2.5
Throwing       | |  2.0
Dodging        | |  1.1

Action                   |  1- 3 |  4- 6 || total
-------------------------+-------+-------++-------
Melee: Dagger            |    30 |    31 ||    61
Invok: Lunge             |     1 |     5 ||     6
 Stab: Sleeping          |     9 |     3 ||    12
       Distracted        |       |     1 ||     1
Armor: Robe              |     4 |     5 ||     9
Dodge: Dodged            |    12 |    23 ||    35
